 Dungeon Crawl Stone Soup version 0.21.1-1-g345015fe64 (webtiles) character file.

251 Lentor the Slasher (level 5, -1/48 HPs)
             Began as a Minotaur Berserker on June 21, 2018.
             Was a Believer of Trog.
             Succumbed to an orc wizard's poison
             ... on level 4 of the Dungeon.
             The game lasted 00:04:02 (2747 turns).

Lentor the Slasher (Minotaur Berserker)             Turns: 2747, Time: 00:04:03

Health: -1/48      AC: 12    Str: 25    XL:     5   Next: 88%
Magic:  4/4        EV:  7    Int:  4    God:    Trog [**....]
Gold:   147        SH:  0    Dex: 10    Spells: 4/4 levels left

rFire    . . .     SeeInvis .   a - +0 falchion
rCold    . . .     Gourm    .   (no shield)
rNeg     . . .     Faith    .   y - +0 plate armour
rPois    .         Spirit   .   (helmet restricted)
rElec    .         Reflect  .   u - +0 cloak (curse)
rCorr    .         Harm     +   (no gloves)
MR       .....                  (no boots)
Stlth    ..........             e - amulet of harm
HPRegen  0.16/turn              g - +3 ring of strength
MPRegen  0.09/turn              k - ring of flight

@: lethally poisoned (-1 -> -42)
A: retaliatory headbutt, horns 2
a: Berserk, Trog's Hand, Burn Spellbooks, Renounce Religion, Evoke Flight


You were on level 4 of the Dungeon.
You worshipped Trog.
Trog was pleased with you.
You were hungry.

You visited 1 branch of the dungeon, and saw 4 of its levels.

You collected 147 gold pieces.

Inventory:

Hand Weapons
 a - a +0 falchion (weapon)
Missiles
 x - 5 tomahawks of returning (quivered)
Armour
 u - a cursed +0 cloak (worn)
 y - a +0 plate armour (worn)
Jewellery
 e - an amulet of harm (around neck)
 g - a +3 ring of strength (left hand)
 k - a ring of flight (right hand)
Wands
 m - a wand of random effects (30)
 o - a wand of enslavement (9)
Scrolls
 i - a scroll of teleportation {unknown}
 j - 2 scrolls of identify {unknown}
 p - a scroll of immolation {unknown}
 r - a scroll of fog {unknown}
 s - a scroll of magic mapping {unknown}
 t - a scroll of enchant armour {unknown}
Potions
 b - a potion of resistance {unknown}
 d - 4 potions of might {unknown}
 f - a potion of ambrosia {unknown}
 h - a potion of mutation {unknown}
 l - a potion of brilliance {unknown}
 q - a potion of flight {unknown}
 v - a potion of haste {unknown}
Comestibles
 c - 8 rations


   Skills:
 + Level 5.4 Fighting
 + Level 6.1 Long Blades
 + Level 3.8 Armour
 - Level 2.3 Dodging


You had 4 spell levels left.
You didn't know any spells.

Dungeon Overview and Level Annotations

Branches:
Dungeon (4/15)
 Temple: D:4-7

Altars:
Fedhas
The Shining One


Innate Abilities, Weirdness & Mutations

You reflexively headbutt those who attack you in melee.
You have a pair of horns on your head.


Message History

Something hits you but does no damage.
You are more poisoned.
* * * LOW HITPOINT WARNING * * *
You feel very sick. Something completely misses you.
* * * LOW HITPOINT WARNING * * *
You feel very sick. Something hits you.
* * * LOW HITPOINT WARNING * * *
You are more poisoned.
* * * LOW HITPOINT WARNING * * *
You feel very sick.
Your plate armour prevents you from hitting something.
You feel less confused.
* * * LOW HITPOINT WARNING * * *
You feel very sick.
You hear some strange, mumbled words.
Something tries to affect you, but you resist.
You closely miss something.
You die...

#........ #.
#####.... #.######
#.... #...... #....
#...... #.... #.....
#..<. .... #####
#)#############
##.####).@..........#
#...........#######.#
#..#.....##.# ###.#
#.###.##.# #.#.# #
#.##.# ##..>#.####
#.##.# #......#...
...#(# #.######...
#####.# #..........
#.....####.(#####...


There were no monsters in sight!

Vanquished Creatures
  A hound (D:3)
  Crazy Yiuf (D:2)
  An orc priest (D:4)
  Natasha (D:2)
  5 adders
  An ooze (D:2)
  An adder skeleton (D:4)
  A worm (D:2)
  2 dart slugs
  7 leopard geckos
  5 orcs
  2 ball pythons
  4 giant cockroaches
  12 goblins
  5 hobgoblins
  5 jackals
  2 kobolds
  3 bats (D:1)
  3 frilled lizards (D:1)
  A jackal skeleton (D:4)
  5 rats
68 creatures vanquished.

Notes
Turn   | Place    | Note
-------+----------+-------------------------------------------
     0 | D:1      | Lentor the Minotaur Berserker began the quest for the Orb.
     0 | D:1      | Reached XP level 1. HP: 19/19 MP: 0/0
    83 | D:1      | Reached skill level 4 in Long Blades
    83 | D:1      | Reached XP level 2. HP: 21/27 MP: 1/1
   564 | D:1      | Reached XP level 3. HP: 32/33 MP: 2/2
   978 | D:2      | Reached ** piety under Trog
  1234 | D:2      | Found a runed door.
  1345 | D:2      | Noticed Natasha
  1354 | D:2      | Killed Natasha
  1354 | D:2      | Reached skill level 5 in Long Blades
  1354 | D:2      | Reached XP level 4. HP: 33/41 MP: 3/3
  1382 | D:2      | Found a glowing golden altar of the Shining One.
  1495 | D:2      | Noticed Crazy Yiuf
  1499 | D:2      | Killed Crazy Yiuf
  1687 | D:3      | Reached skill level 5 in Fighting
  1743 | D:3      | Reached XP level 5. HP: 48/48 MP: 4/4
  2234 | D:3      | Found a faded altar of an unknown god.
  2420 | D:4      | Found a blossoming altar of Fedhas.
  2730 | D:4      | Reached skill level 6 in Long Blades
  2746 | D:4      | HP: 2/48 [poisoned by an orc wizard]
  2747 | D:4      | Succumbed to an orc wizard's poison

Skill      XL: |  1  2  3  4  5 |
---------------+----------------+-----
Long Blades    | 4 5 6 |  6.1
Fighting       | 4 5 |  5.4
Armour         | 3 |  3.8
Dodging        | |  2.3

Action                   |  1- 3 |  4- 6 || total
-------------------------+-------+-------++-------
Melee: Falchion          |    78 |    70 ||   148
       Headbutt          |    11 |     7 ||    18
 Stab: Sleeping          |     1 |       ||     1
  Eat: Chunk             |     1 |     4 ||     5
Armor: Animal skin       |     5 |       ||     5
       Leather armour    |     8 |       ||     8
       Ring mail         |     9 |     6 ||    15
       Plate armour      |       |    31 ||    31
Dodge: Dodged            |    44 |    23 ||    67
       Rpst.: Falchion   |    11 |     6 ||    17
